[Event "*** Titled Tuesday Blitz"]
[Site "Chess.com"]
[Date "2020.11.10"]
[Round "6"]
[White "stolencandy13"]
[Black "GMKrikor"]
[Result "0-1"]
[WhiteElo "2379"]
[BlackElo "2782"]
[TimeControl "180+1"]
[EndTime "11:09:14 PST"]
[Termination "GMKrikor won by checkmate"]

1. d4 Nf6 2. Bf4 c5 3. e3 g6 4. Nf3 Bg7 5. c3 O-O 6. Nbd2 d6 7. h3 cxd4 8. exd4 Nc6 9. Bd3 e5 10. Bg5 exd4 11. cxd4 Re8+ 12. Kf1 h6 13. Bh4 g5 14.
Bg3 Nh5 15. Ne4 d5 16. Nc3 Nxg3+ 17. fxg3 Be6 18. Bc2 Qf6 19. Nb5 Rad8 20. Qd3 a6 21.
Nc7 Re7 22. Nxe6 Rxe6 23. Rd1 Rde8 24. Kg1 Re3 25. Qh7+ Kf8 26. Kh2 Qxf3 27. gxf3 Re2+ 28. Kg1 Bxd4+ 29. Kf1 Rf2+ 30. Kg1 Rxc2+ 31. Kf1 Rf2+ 32. Kg1 Rd2+ 33. Kf1 Rxd1+ 34. Kg2 Re2# 0-1

[Event "*** Titled Tuesday Blitz"]
[Site "Chess.com"]
[Date "2020.11.10"]
[Round "6"]
[White "A-Fier"]
[Black "FontVella8"]
[Result "1-0"]
[WhiteElo "2758"]
[BlackElo "2515"]
[TimeControl "180+1"]
[EndTime "11:09:17 PST"]
[Termination "A-Fier won by resignation"]

1. b3 e5 2. Bb2 Nc6 3. e3 g6 4. Bb5 Bg7 5. Bxc6 dxc6 6. h4 h5 7. Nf3 Bg4 8. d3 Ne7 9. Nbd2 O-O 10. a4 c5 11. a5 Nc6 12. Ra4 b5 13. Rxg4 hxg4 14.
Ng5 f5 15. Ne6 Qe7 16. Nxf8 Rxf8 17. h5 gxh5 18. Rxh5 Nxa5 19. Qa1 Nc6 20. Qa6 Nb4 21. Qg6 Rf6 22. Qh7+ Kf8 23. Rg5 Rf7 24. Rxf5 Nxc2+ 25. Kd1 Nb4 26. Bc3 Bf6 27. Qh6+ Bg7 28. Qh5 Nxd3 29. Ne4 Qd7 30. Rxf7+ Qxf7 31. Qxg4 Qxb3+ 32. Ke2 Nc1+ 33. Kf1 Qc4+ 34. Kg1 Ne2+ 35. Kh2 Nxc3 36. Qc8+ Kf7 37. Qxc7+ Kg6 38. Qd6+ Kh7 39. Ng5+ Kg8 40. Qd8+ Bf8 41. Qf6 Qd5 42. Qg6+ Bg7 43. Qe8+ Bf8 44. Ne6 Qd6 45.
Qg6+ Kh8 46. Qf7 e4+ 47. g3 b4 48. Nxf8 Qh6+ 49. Kg2 Qg7 50. Qe8 Qg8 51. Qh5+ Kg7 52. Nd7 Qf7 53. Qe5+ Kg6 54. Qd6+ Kg7 55. Ne5 Qf3+ 56.
Nxf3 1-0

[Event "*** Titled Tuesday Blitz"]
[Site "Chess.com"]
[Date "2020.11.10"]
[Round "6"]
[White "Kopytkin"]
[Black "Borsuk_Konstantin"]
[Result "0-1"]
[WhiteElo "2449"]
[BlackElo "2616"]
[TimeControl "180+1"]
[EndTime "11:09:17 PST"]
[Termination "Borsuk_Konstantin won on time"]

1. e4 e6 2. d4 d5 3. e5 c5 4.
c3 Nc6 5. Nf3 Qb6 6. a3 c4 7. Nbd2 Na5 8. Be2 Bd7 9. O-O O-O-O 10. Rb1 h6 11. Ne1 Ne7 12. b3 cxb3 13. Nd3 Ng6 14.
g3 Kb8 15. Nb4 Ba4 16. Bb2 Rc8 17. Kg2 Ne7 18. Bd3 Nc4 19. Nxb3 a5 20. Bc1 axb4 21.
axb4 Rc7 22. Qe2 Bxb3 23. Rxb3 Qb5 24. h4 Nc8 25. h5 N8b6 26. Bf4 Rc8 27. Ra1 Be7 28. Ra5 Qc6 29. Ra2 Kc7 30. Rb1 Ra8 31. Rc2 Rhc8 32. Rf1 Ra3 33. Rcc1 Rca8 34. g4 Ra2 35.
Rc2 Rxc2 36. Qxc2 Qa4 37. Qe2 Qa2 38. Qf3 Rf8 39. Bg3 Qb2 0-1

[Event "*** Titled Tuesday Blitz"]
[Site "Chess.com"]
[Date "2020.11.10"]
[Round "6"]
[White "louis198"]
[Black "Vamostodorecto"]
[Result "1-0"]
[WhiteElo "2573"]
[BlackElo "2371"]
[TimeControl "180+1"]
[EndTime "11:09:17 PST"]
[Termination "louis198 won on time"]

1. d4 Nf6 2. c4 g6 3. Nc3 d5 4. Nf3 Bg7 5. e3 O-O 6. h3 c5 7. dxc5 Qa5 8. Bd2 dxc4 9. Bxc4 Qxc5 10. Qe2 Nc6 11. Rc1 Qh5 12. a3 Rd8 13. Ba2 Bg4 14.
O-O Ne5 15. hxg4 Nfxg4 16. Rfd1 Nd3 17. Ne4 Nxc1 18. Rxc1 Bxb2 19. Rc7 Bxa3 20. Rxb7 Rdb8 21. Rxb8+ Rxb8 22. Neg5 e6 23. Qa6 Be7 24. Nxe6 Rb6 25. Qc8+ 1-0

[Event "*** Titled Tuesday Blitz"]
[Site "Chess.com"]
[Date "2020.11.10"]
[Round "6"]
[White "azikom"]
[Black "AsaHoffmann"]
[Result "1-0"]
[WhiteElo "2553"]
[BlackElo "2392"]
[TimeControl "180+1"]
[EndTime "11:09:17 PST"]
[Termination "azikom won by resignation"]

1. d4 Nf6 2. Nf3 d6 3. Nc3 c6 4. e4 Bg4 5. h3 Bh5 6. Bd3 e6 7.
g4 Bg6 8. Qe2 Be7 9. Bd2 d5 10.
e5 Nfd7 11. O-O-O c5 12. dxc5 Nxc5 13. Bxg6 hxg6 14. Kb1 Nc6 15. h4 a6 16. h5 gxh5 17.
gxh5 Qb6 18. Rdg1 O-O-O 19. Rxg7 d4 20. Nd1 d3 21. cxd3 Nxd3 22. Bc3 Nf4 23. Qe4 Nd5 24. Rxf7 Ba3 25. Qc2 Kb8 26. Qb3 Bb4 27. Bxb4 Ncxb4 28. a3 Nc6 29. Qxb6 Nxb6 30. h6 Nd5 31. h7 Nde7 32. Ne3 Ng6 33. Rf6 Ngxe5 34. Nxe5 Nxe5 35. Rxe6 Nd3 36. Re7 Nxf2 37. Rf1 Nd3 38. Rff7 Nc5 39. Ng4 Rd1+ 40. Kc2 Rg1 41. Nf6 Rc8 42. Rc7 Rxc7 43.
Rxc7 1-0

[Event "*** Titled Tuesday Blitz"]
[Site "Chess.com"]
[Date "2020.11.10"]
[Round "6"]
[White "Oleksandr_Bortnyk"]
[Black "emperor87"]
[Result "1-0"]
[WhiteElo "2912"]
[BlackElo "2717"]
[TimeControl "180+1"]
[EndTime "11:09:20 PST"]
[Termination "Oleksandr_Bortnyk won by resignation"]

1. e4 d5 2. exd5 Qxd5 3. Nc3 Qd8 4. d4 c6 5. Bf4 Bf5 6. Bd3 Bxd3 7. Qxd3 e6 8.
O-O-O Nf6 9. Nf3 Nbd7 10. Rhe1 Bb4 11. Bd2 b5 12. Ng5 Bxc3 13. Qxc3 O-O 14. Qxc6 Rc8 15. Qxb5 Qc7 16. Qd3 Rb8 17. Ne4 Nd5 18. Kb1 Rfc8 19.
b3 a5 20. c4 Nb4 21. Bxb4 Rxb4 22. d5 exd5 23. Qxd5 Nf8 24. Nd6 Rcb8 25. Nf5 Ne6 26. Rxe6 fxe6 27. Qxe6+ Kh8 28. Nd6 Rf8 29. Nf7+ Kg8 30.
Rd7 Qf4 31. Nh6+ Kh8 32. Nf7+ Kg8 33. Nd6+ Kh8 34. Rf7 1-0

[Event "*** Titled Tuesday Blitz"]
[Site "Chess.com"]
[Date "2020.11.10"]
[Round "6"]
[White "1977Ivan"]
[Black "yobdc"]
[Result "0-1"]
[WhiteElo "2694"]
[BlackElo "2448"]
[TimeControl "180+1"]
[EndTime "11:09:22 PST"]
[Termination "yobdc won on time"]

1. c4 e6 2. e4 d5 3. exd5 exd5 4. cxd5 Nf6 5. Bb5+ Nbd7 6. Nc3 Be7 7. Nf3 O-O 8.
O-O a6 9. Ba4 b5 10. Bb3 Nb6 11. d4 Bb7 12. Ne5 Nbxd5 13. Re1 c5 14. Nxd5 Bxd5 15.
dxc5 Bxc5 16. Be3 Bb4 17. Re2 Qd6 18. Bg5 Bxb3 19. Qxb3 Rae8 20. Bxf6 Qxf6 21. Ng4 Qd6 22. Rxe8 Rxe8 23. g3 h5 24. Rd1 Qe7 25. Ne3 Bc5 26.
Re1 Qg5 27. Ng2 Rd8 28. Nf4 h4 0-1

[Event "*** Titled Tuesday Blitz"]
[Site "Chess.com"]
[Date "2020.11.10"]
[Round "6"]
[White "lilleper1"]
[Black "shnitez"]
[Result "1-0"]
[WhiteElo "2822"]
[BlackElo "2523"]
[TimeControl "180+1"]
[EndTime "11:09:22 PST"]
[Termination "lilleper1 won by resignation"]

1. e4 c5 2. Nf3 e6 3. d4 cxd4 4. Nxd4 a6 5. Bd3 Bc5 6. Nb3 Be7 7. Qg4 g6 8. Qe2 d6 9. c4 b6 10. Nc3 Bb7 11. Be3 Nd7 12. f3 Qc7 13. Rc1 Rc8 14. Nd4 Ne5 15. b3 Nxd3+ 16. Qxd3 h5 17. Nde2 Nf6 18. Na4 Nd7 19. Nxb6 Nc5 20. Qc3 O-O 21. Nxc8 Rxc8 22. O-O Nd7 23. Rfd1 h4 24. h3 Ne5 25.
Qd2 f5 26. exf5 gxf5 27. Nd4 Kf7 28. Kh1 Rg8 29. Bf4 Ng6 30. Bh2 Ne5 31. Qe2 Bc8 32.
c5 Qa5 33. cxd6 Bxd6 34. Nxf5 Bb8 35. Nd4 Rd8 36. Qe4 Ng6 37. Nc6 Rd5 38. Nxa5 1-0

[Event "*** Titled Tuesday Blitz"]
[Site "Chess.com"]
[Date "2020.11.10"]
[Round "6"]
[White "No_t_ime_to_die"]
[Black "Forantes"]
[Result "1-0"]
[WhiteElo "2484"]
[BlackElo "2347"]
[TimeControl "180+1"]
[EndTime "11:09:22 PST"]
[Termination "No_t_ime_to_die won on time"]

1. e4 c5 2. Nf3 Nc6 3. d4 cxd4 4. Nxd4 e5 5. Nb5 a6 6. Nd6+ Bxd6 7. Qxd6 Qf6 8. Qd1 Qg6 9. Nc3 d5 10. exd5 Nd4 11. Bd3 Qxg2 12. Be4 Qh3 13. Be3 Bg4 14. Qd2 Nf6 15. Bxd4 exd4 16. Qxd4 O-O 17. Kd2 Rfe8 18. Rae1 Qh6+ 19. Qe3 Nxe4+ 20. Nxe4 Qg6 21. f3 Bd7 22. Qd3 f5 23. Nc5 Bb5 24. c4 Qh6+ 25. Kc2 Qb6 26. b4 Bd7 27. Nxd7 Qxb4 28. Qb3 1-0

[Event "*** Titled Tuesday Blitz"]
[Site "Chess.com"]
[Date "2020.11.10"]
[Round "6"]
[White "Vasily85"]
[Black "MoreChessJulia"]
[Result "1-0"]
[WhiteElo "2399"]
[BlackElo "2097"]
[TimeControl "180+1"]
[EndTime "11:09:22 PST"]
[Termination "Vasily85 won by resignation"]

1. d4 Nf6 2. Bg5 Ne4 3. Bf4 g5 4. Be5 f6 5. e3 h5 6. Bd3 d5 7. f3 fxe5 8. fxe4 Bg4 9. Ne2 Nc6 10.
O-O Bg7 11. exd5 Qxd5 12. c4 Qd6 13. d5 Nb4 14. Nbc3 Nxd3 15. Qxd3 O-O-O 16. Ne4 Qb4 17. b3 Rdf8 18. Nxg5 e4 19. Nxe4 Bxa1 20. Rxa1 Rf5 21.
Nd4 Re5 22. Rf1 Rd8 23. Nb5 a6 24. a3 Qa5 25. b4 Qb6 26. Nd4 e6 27. c5 Qa7 28. d6 cxd6 29. Nxd6+ Rxd6 30. cxd6 Qb6 31. Rc1+ Kb8 32. d7 Rd5 33. Qc4 Rxd7 34. Qc8+ Ka7 35. Qxd7 e5 36. Qc7 exd4 37. Qxb6+ Kxb6 38. exd4 Be6 39. Kf2 Bd5 40. g3 a5 41. Rc5 axb4 42. axb4 Bc6 43. Rxh5 1-0

[Event "*** Titled Tuesday Blitz"]
[Site "Chess.com"]
[Date "2020.11.10"]
[Round "6"]
[White "Flopezin"]
[Black "romulocardoso"]
[Result "1-0"]
[WhiteElo "2396"]
[BlackElo "2078"]
[TimeControl "180+1"]
[EndTime "11:09:22 PST"]
[Termination "Flopezin won by resignation"]

1. c4 Nf6 2. Nc3 e6 3. e4 d5 4. cxd5 exd5 5. e5 Nfd7 6. f4 d4 7. Ne4 f5 8. exf6 Nxf6 9. d3 Bb4+ 10. Bd2 Bxd2+ 11. Qxd2 Qe7 12. O-O-O O-O 13. Nf3 Nxe4 14. dxe4 Qxe4 15. Bc4+ Kh8 16. Qxd4 Bf5 17. Qxe4 Bxe4 18. Ng5 Bg6 19. Ne6 Re8 20. Nxc7 Rc8 21. b3 b5 22.
Nxa8 bxc4 23. bxc4 Na6 24. Rd6 Nc5 25. Rhd1 Nb7 26. Rd7 Be4 27. Nc7 Bxg2 28. Rg1 Be4 29. Rgxg7 Nc5 30. Rde7 Bf5 31. Rgf7 Bg6 32. Rf6 Ne4 33.
Rfe6 Nc5 34. Re5 Nd3+ 35. Kd2 Nxe5 36. fxe5 Rf8 37. Ke3 Bh5 38. Ne6 Rf3+ 39. Ke4 Ra3 40. Rc7 Bg6+ 41. Kd4 Rxa2 42. Rc8+ 1-0

[Event "*** Titled Tuesday Blitz"]
[Site "Chess.com"]
[Date "2020.11.10"]
[Round "6"]
[White "Lady_Nika"]
[Black "LubovMarkelova"]
[Result "1-0"]
[WhiteElo "2386"]
[BlackElo "2220"]
[TimeControl "180+1"]
[EndTime "11:09:24 PST"]
[Termination "Lady_Nika won by checkmate"]

1. d4 d5 2. e3 Nf6 3. f4 c5 4. Nf3 Nc6 5. c3 e6 6. Bd3 Bd6 7. O-O O-O 8. Ne5 Ne7 9. Rf3 b6 10. Rh3 Bb7 11. Bxh7+ Kh8 12. Bd3+ Kg8 13. g4 Ne4 14.
Nd2 g6 15. Qe1 Kg7 16. Nf1 Rh8 17. Rxh8 Qxh8 18. Bxe4 dxe4 19. Bd2 f6 20. Nc4 Bc7 21. Qf2 Ba6 22. Na3 f5 23. Ng3 Qh3 24. dxc5 bxc5 25. gxf5 exf5 26. c4 Rd8 27. Kh1 g5 28. Bc3+ Kg6 29.
Rg1 g4 30. Nb5 Bxb5 31. cxb5 c4 32. Qc2 Bb6 33. Bd2 Nd5 34. Qxc4 Rh8 35. Qc6+ Kg7 36. Qd7+ Kg6 37. Qe6+ Nf6 38. Rg2 Re8 39. Qxf5+ Kf7 40. Bc3 Bxe3 41. Qxf6+ Kg8 42. Qg7# 1-0

[Event "*** Titled Tuesday Blitz"]
[Site "Chess.com"]
[Date "2020.11.10"]
[Round "6"]
[White "Evachess2006"]
[Black "gumimis"]
[Result "0-1"]
[WhiteElo "1628"]
[BlackElo "2207"]
[TimeControl "180+1"]
[EndTime "11:09:26 PST"]
[Termination "gumimis won on time"]

1. e4 c5 2. c3 d5 3. exd5 Qxd5 4. d4 Nf6 5. Nf3 Bg4 6. Be2 e6 7. O-O Nc6 8. Be3 cxd4 9. Nxd4 Bxe2 10. Qxe2 Be7 11.
Rd1 O-O 12. Nb5 Qf5 13. Nc7 Rac8 14. Nb5 a6 15. Nd4 Nxd4 16. Bxd4 Rfd8 17. Nd2 Nd5 18. Nf3 Nf4 19. Qf1 Bd6 20. Be3 Nh3+ 21. gxh3 Qxf3 22. Qg2 Qh5 23. Rd2 Be5 24. Bd4 Bxd4 25. Rxd4 Rxd4 26. cxd4 Qd5 27. Re1 Qxg2+ 28. Kxg2 Kf8 29. Re2 Rc1 30.
Rd2 Ke7 31. h4 Kd6 32. b3 Kd5 33. Kf3 Rh1 34. Kg3 Re1 35. Kf3 Re4 0-1

[Event "*** Titled Tuesday Blitz"]
[Site "Chess.com"]
[Date "2020.11.10"]
[Round "6"]
[White "rasmussvane"]
[Black "esapunov"]
[Result "0-1"]
[WhiteElo "2872"]
[BlackElo "2721"]
[TimeControl "180+1"]
[EndTime "11:09:27 PST"]
[Termination "esapunov won by resignation"]

1. Nf3 Nf6 2. g3 g6 3. Bg2 Bg7 4. O-O O-O 5. d4 d6 6. Re1 Nbd7 7. e4 e5 8. Nc3 Re8 9. a4 a5 10. h3 c6 11. Be3 exd4 12. Bxd4 Qc7 13. Qe2 b6 14.
Rad1 Bb7 15. Qd2 Rad8 16. Qf4 Nh5 17. Qh4 Ne5 18. Nxe5 dxe5 19. Be3 Bf6 20. Qg4 Ng7 21. Qe2 Ne6 22. Qc4 Rc8 23. h4 Nd4 24. Ne2 b5 25.
Qc5 Be7 26. Qc3 Bb4 27. Qd3 Bxe1 28. Rxe1 Nxe2+ 29. Qxe2 Ba6 30. h5 Rcd8 31. Bg5 Rd6 32. axb5 cxb5 33. Bf1 f6 34. Be3 b4 35. Qg4 Bxf1 36.
hxg6 Bc4 37. gxh7+ Kh8 38. Kg2 Be6 39. Qh4 Qf7 40.
Ra1 Ra6 41. b3 Qg6 42. Rd1 Rc6 43. Rd2 Rc7 44. Qh6 Qxh6 45. Bxh6 Kxh7 46. Be3 Rec8 47. Rd6 Rc6 48. Rd1 Rxc2 49. Ra1 Kg6 50. Rxa5 R8c3 51. Bb6 Rxb3 52. Bd8 Rbb2 0-1

[Event "*** Titled Tuesday Blitz"]
[Site "Chess.com"]
[Date "2020.11.10"]
[Round "6"]
[White "Quiet_Desperation"]
[Black "rugbyclub"]
[Result "1-0"]
[WhiteElo "1745"]
[BlackElo "2205"]
[TimeControl "180+1"]
[EndTime "11:09:27 PST"]
[Termination "Quiet_Desperation won by checkmate"]

1. e4 e6 2. d4 d5 3. Nc3 Bb4 4. e5 Ne7 5. Bd2 Nf5 6. Nf3 O-O 7. Bd3 c5 8. dxc5 Nc6 9. Bxf5 exf5 10. O-O Bxc5 11.
Bg5 Qb6 12. Nxd5 Qxb2 13. Rb1 Qxa2 14. Rb3 Qa4 15. Qd2 b6 16. h3 Be6 17. Bf6 Rfc8 18. Qg5 g6 19. Nf4 Bxb3 20. cxb3 Qxb3 21. e6 Re8 22.
Rc1 Qb4 23. exf7+ Kxf7 24. Qh4 a5 25. Bc3 Qe4 26. Ng5+ Kg8 27. Qxh7+ Kf8 28. Qf7# 1-0

[Event "*** Titled Tuesday Blitz"]
[Site "Chess.com"]
[Date "2020.11.10"]
[Round "6"]
[White "Tashik"]
[Black "Mikhal867"]
[Result "1-0"]
[WhiteElo "2466"]
[BlackElo "2334"]
[TimeControl "180+1"]
[EndTime "11:09:29 PST"]
[Termination "Tashik won by resignation"]

1. c4 c5 2. Nf3 Nf6 3. d4 cxd4 4. Nxd4 e5 5. Nb5 d5 6. cxd5 Bc5 7.
N5c3 O-O 8. g3 e4 9. Bg2 Re8 10. O-O a6 11. Bg5 e3 12. f4 h6 13. Bh4 Qb6 14. Na4 Qd6 15. Nxc5 Qxc5 16. Bxf6 gxf6 17. Nc3 Bf5 18. Rc1 Nd7 19. d6 Qb6 20. Nd5 Qxd6 21. Nc7 Qxd1 22. Rfxd1 Bg4 23. Nxa8 Rxa8 24. Bxb7 Rb8 25.
Bxa6 Rxb2 26. Bc8 Rd2 27. Rxd2 exd2 28. Rd1 Ne5 29. fxe5 Bxc8 30. exf6 Be6 31. Rxd2 Kh7 32. a4 Kg6 33. a5 Kxf6 34. a6 Bc8 35. a7 Bb7 36.
Rd8 1-0

[Event "*** Titled Tuesday Blitz"]
[Site "Chess.com"]
[Date "2020.11.10"]
[Round "6"]
[White "KyrgyzFighter"]
[Black "biostatistician"]
[Result "0-1"]
[WhiteElo "2351"]
[BlackElo "2519"]
[TimeControl "180+1"]
[EndTime "11:09:31 PST"]
[Termination "biostatistician won by checkmate"]

1. c4 Nf6 2. Nc3 g6 3. e4 d6 4. d4 Bg7 5. f3 O-O 6. Be3 c5 7. d5 e6 8. Nge2 exd5 9. cxd5 a6 10. a4 Nbd7 11. Ng3 h5 12. Be2 h4 13. Nf1 Ne5 14.
Nd2 Bd7 15. O-O b5 16. axb5 axb5 17. Rxa8 Qxa8 18. Nxb5 Bxb5 19. Bxb5 Rb8 20. Qe2 Qa5 21. Bd3 Rxb2 22. Bf4 Nh5 23. Bg5 Qc3 24. Ba6 f5 25.
Kh1 f4 26. Nb1 Qb3 27. Qd1 c4 28. Bxh4 c3 29. Qc1 c2 30. Nd2 Qc3 31. Be1 Nd3 32. Bxd3 Qxd3 33. g4 Rb1 34. Nxb1 cxb1=Q 35. Qxb1 Qxf1# 0-1

[Event "*** Titled Tuesday Blitz"]
[Site "Chess.com"]
[Date "2020.11.10"]
[Round "6"]
[White "TorFredrikKaasen"]
[Black "Salem-AR"]
[Result "1-0"]
[WhiteElo "2742"]
[BlackElo "2906"]
[TimeControl "180+1"]
[EndTime "11:09:32 PST"]
[Termination "TorFredrikKaasen won by resignation"]

1. d4 Nf6 2. c4 e6 3. Nf3 d5 4.
Nc3 Be7 5. Bf4 O-O 6. e3 b6 7.
cxd5 Nxd5 8. Bg3 Bb7 9. Bd3 c5 10. Nxd5 Qxd5 11. O-O cxd4 12. exd4 Nd7 13. Re1 Nf6 14.
a3 Rac8 15. Qa4 a6 16. Bxa6 Bxa6 17. Qxa6 Qb3 18. Bh4 Rfd8 19. Qb7 Kf8 20. Ne5 Qxb2 21. Bxf6 gxf6 22. Nc6 Re8 23. Nxe7 Rc2 24. Nc6 Rxf2 25.
Nb4 Qxd4 26. Kh1 Kg7 27. Rac1 Rg8 28. Rg1 Kh8 29. Qxf7 Qe4 30. Rce1 Rfxg2 31. Qxf6+ R8g7 32. Qxg7+ 1-0

[Event "*** Titled Tuesday Blitz"]
[Site "Chess.com"]
[Date "2020.11.10"]
[Round "6"]
[White "DenLaz"]
[Black "IMRosen"]
[Result "1-0"]
[WhiteElo "2758"]
[BlackElo "2568"]
[TimeControl "180+1"]
[EndTime "11:09:33 PST"]
[Termination "DenLaz won on time"]

1. d4 e5 2. dxe5 Bc5 3. Nf3 d6 4. exd6 Ne7 5. Nc3 Bxd6 6. Ne4 Bb4+ 7. Bd2 a5 8. a3 Bxd2+ 9. Qxd2 O-O 10. e3 Bf5 11.
Ng3 Qxd2+ 12. Kxd2 Rd8+ 13. Bd3 Be6 14. Rhd1 c5 15.
Ke1 Nbc6 16. Ng5 g6 17. Nxe6 fxe6 18. Bc4 Kf7 19. Ne4 Ne5 20. Ba2 c4 21. Nd6+ Rxd6 22. Rxd6 b5 23. a4 bxa4 24. f4 Ng4 25. Bxc4 Nxe3 26.
Bxe6+ Kg7 27. Rxa4 Nxc2+ 28. Kf2 Nb4 29. Ra3 h5 30.
Rc3 Ra7 31. Rd7 Rxd7 32. Bxd7 Ned5 33. Rf3 Nf6 34. Bb5 Ne4+ 35. Kg1 Nd6 36. Bd3 Kf6 37. Kf2 Ne8 38. Ke2 Nc7 39. Kd2 Ne6 40. Kc3 Nc5 41. Bc2 Nd7 42. Rf2 Nb6 43. Rd2 N6d5+ 44. Kb3 Nxf4 45. g3 Ne6 46. Ka4 Nc6 47. Rd6 Nd4 48. Bb3 Ke5 49. Rxe6+ Nxe6 50. Bxe6 Kxe6 51. Kxa5 g5 52.
b4 Kd7 53. b5 Kc7 54. Ka6 1-0

[Event "*** Titled Tuesday Blitz"]
[Site "Chess.com"]
[Date "2020.11.10"]
[Round "6"]
[White "sara_khm"]
[Black "maxip32"]
[Result "0-1"]
[WhiteElo "2574"]
[BlackElo "2432"]
[TimeControl "180+1"]
[EndTime "11:09:33 PST"]
[Termination "maxip32 won by resignation"]

1. d4 Nf6 2. c4 g6 3. g3 Bg7 4. Bg2 O-O 5. Nc3 d6 6. Nf3 Nbd7 7. O-O e5 8. e4 exd4 9. Nxd4 Nc5 10. h3 Re8 11.
Re1 a5 12. Rb1 Bd7 13. b3 Qc8 14. Kh2 h5 15. Bf4 Nh7 16. h4 Bxd4 17. Qxd4 Ne6 18. Qd2 Nxf4 19. Qxf4 Bc6 20. Nd5 Bxd5 21. cxd5 Qd8 22. Rbc1 Nf6 23. f3 Nd7 24. Rc3 Nc5 25. Rec1 Ra6 26. Qd2 Qf6 27. Rc4 Qe7 28. f4 f6 29. Qc2 Qg7 30. a3 g5 31. hxg5 fxg5 32. b4 gxf4 33. gxf4 axb4 34. axb4 Ra3 35. bxc5 Qg3+ 36.
Kh1 Rea8 37. Rc3 Qh4+ 38. Kg1 Ra2 39. Qd3 Qf2+ 0-1

[Event "*** Titled Tuesday Blitz"]
[Site "Chess.com"]
[Date "2020.11.10"]
[Round "6"]
[White "JiiHart"]
[Black "Praslov"]
[Result "0-1"]
[WhiteElo "2062"]
[BlackElo "2398"]
[TimeControl "180+1"]
[EndTime "11:09:33 PST"]
[Termination "Praslov won on time"]

1. e4 c6 2. d4 d5 3. Nc3 dxe4 4. Nxe4 Bf5 5. Ng3 Bg6 6. h4 h6 7. Nh3 e6 8. Nf4 Bh7 9. Bc4 Nf6 10. Ngh5 Nxh5 11. Nxh5 Nd7 12. Qe2 Nf6 13. Nxf6+ Qxf6 14. Be3 Bd6 15. O-O-O O-O-O 16. g3 Kb8 17. f4 Be4 18. Rhf1 h5 19. Bd3 Bf5 20. Bxf5 exf5 21. Bf2 Rde8 22. Qf3 Re4 23. Rfe1 Qg6 24. Re2 Rhe8 25.
Rde1 Kc7 26. c3 Qe6 27. Rxe4 fxe4 28. Qxh5 Qxa2 29. Qf5 g6 30. Qf6 Qa1+ 31. Kc2 Qa4+ 32. Kc1 Qc4 33. Be3 a5 34. g4 a4 35. Bd2 a3 36. bxa3 Qa2 37. Kd1 Qb1+ 38. Ke2 Qd3+ 39. Kd1 e3 40. Qxf7+ Re7 41. Qxe7+ Bxe7 42. Rxe3 Qb1+ 43.
Ke2 Bd6 44. f5 gxf5 45. g5 Qb5+ 46. Kf2 f4 47. Re6 Qd3 0-1

[Event "*** Titled Tuesday Blitz"]
[Site "Chess.com"]
[Date "2020.11.10"]
[Round "6"]
[White "German_Bazeev"]
[Black "Bigfish1995"]
[Result "0-1"]
[WhiteElo "2737"]
[BlackElo "2972"]
[TimeControl "180+1"]
[EndTime "11:09:34 PST"]
[Termination "Bigfish1995 won by checkmate"]

1. d4 d5 2. Nf3 Nf6 3. c4 e6 4. g3 Be7 5. Bg2 O-O 6. O-O dxc4 7. Qc2 b6 8. Nbd2 Bb7 9. Nxc4 Be4 10. Qb3 Bd5 11.
Qc2 Nc6 12. e3 Nb4 13. Qe2 c5 14. dxc5 Bxc5 15. a3 Nc6 16. b4 Be7 17. Bb2 Rc8 18.
Rac1 Ne4 19. Rfd1 Bf6 20. Nfe5 Qe7 21. Nxc6 Rxc6 22. Ne5 Rc7 23. Qd3 Rxc1 24. Rxc1 Qb7 25. Qc2 Ng5 26. f4 Bxe5 27. Bxe5 Nf3+ 28. Bxf3 Bxf3 29.
Bd6 Re8 30. Be5 h5 31. h3 Rd8 32. Bd4 Qd5 33. Qc7 f6 34. Qc4 Qf5 35. Kh2 Bd5 36. Qf1 Qe4 37. Qf2 Rd7 38. Rc8+ Kf7 39. Qc2 Qh1# 0-1

[Event "*** Titled Tuesday Blitz"]
[Site "Chess.com"]
[Date "2020.11.10"]
[Round "6"]
[White "keepitcoming"]
[Black "queen_iryna"]
[Result "1-0"]
[WhiteElo "2506"]
[BlackElo "2280"]
[TimeControl "180+1"]
[EndTime "11:09:35 PST"]
[Termination "keepitcoming won by resignation"]

1. d4 d6 2. c4 e5 3. e3 Nd7 4. Nc3 g6 5. Nf3 Bg7 6. g3 f5 7.
Bg2 e4 8. Nd2 Ngf6 9. O-O O-O 10. Qc2 c6 11. b3 Nb8 12. f3 d5 13. cxd5 cxd5 14. Ba3 Re8 15. Nb5 Nc6 16. Nd6 Re6 17. fxe4 fxe4 18. Nb5 a6 19. Nc3 Re8 20. Rae1 Be6 21.
Na4 Rc8 22. Nc5 Bg4 23. h3 Be6 24. Kh2 b6 25. Nxe6 Rxe6 26. Qd1 Re8 27. Qe2 b5 28. h4 b4 29. Bb2 a5 30. Bh3 Rc7 31. Rc1 Ne7 32.
Rc5 Rxc5 33. dxc5 Nc6 34. Qb5 Ne5 35. a3 Nd3 36. Bd4 bxa3 37. c6 h5 38. c7 Qa8 39.
Bxf6 Bxf6 40. Rxf6 Kg7 41. Ra6 1-0

[Event "*** Titled Tuesday Blitz"]
[Site "Chess.com"]
[Date "2020.11.10"]
[Round "6"]
[White "Pavlov_Sergey"]
[Black "Sanan_Sjugirov"]
[Result "0-1"]
[WhiteElo "2614"]
[BlackElo "2831"]
[TimeControl "180+1"]
[EndTime "11:09:36 PST"]
[Termination "Sanan_Sjugirov won by resignation"]

1. c4 c5 2. Nf3 Nc6 3. d4 cxd4 4.
Nxd4 Qb6 5. Nb3 e6 6. a3 Nf6 7. Nc3 a6 8. e4 d6 9. Be3 Qc7 10.
Rc1 Ne5 11. Be2 Be7 12. O-O O-O 13. f4 Ned7 14. Nd4 Re8 15. b4 b6 16. Bf3 Bb7 17.
Nd5 exd5 18. cxd5 Qb8 19. Nc6 Bxc6 20. dxc6 Nf8 21. e5 dxe5 22. c7 Qa7 23. fxe5 N6d7 24. Bd5 Nxe5 25. Qd4 Nfd7 26. Bxf7+ Nxf7 27. Qxd7 Rac8 28. Rxf7 Kxf7 29. Qd5+ Kf8 30. Rf1+ Bf6 31. Bf4 b5+ 32. Kh1 Rxc7 33. Bd6+ Rce7 34. Qg5 Qd4 0-1

[Event "*** Titled Tuesday Blitz"]
[Site "Chess.com"]
[Date "2020.11.10"]
[Round "6"]
[White "kai_nov"]
[Black "pastouche06"]
[Result "1/2-1/2"]
[WhiteElo "2332"]
[BlackElo "2518"]
[TimeControl "180+1"]
[EndTime "11:09:36 PST"]
[Termination "Game drawn by repetition"]

1. d4 d5 2. c4 e6 3. Nc3 a6 4. cxd5 exd5 5. Nf3 Nf6 6. Bg5 Be6 7. e3 Nbd7 8. Bd3 Bd6 9. O-O O-O 10. Qc2 h6 11. Bf4 Qe7 12. h3 Rac8 13. Rac1 c5 14. Bxd6 Qxd6 15.
dxc5 Nxc5 16. Rfd1 Qb6 17. Qe2 Nfe4 18. Nd4 Nxc3 19.
Rxc3 Ne4 20. Rb3 Qc7 21. Bxe4 dxe4 22. Nxe6 fxe6 23. Rc3 Qe5 24. Rxc8 Rxc8 25. g3 h5 26. h4 Qf5 27. Kg2 Rc7 28. Rd4 Rf7 29. b4 Rc7 30.
a4 Kh7 31. a5 Kg6 32. Rc4 Rxc4 33. Qxc4 Qf3+ 34. Kg1 Qd1+ 35. Kh2 Qd5 36. Qc8 Kh7 37. Qe8 Qf5 38. Kg2 Qf3+ 39. Kg1 Qd1+ 40. Kh2 Qf3 41. Kg1 Qd1+ 42. Kg2 Qf3+ 43. Kg1 1/2-1/2

[Event "*** Titled Tuesday Blitz"]
[Site "Chess.com"]
[Date "2020.11.10"]
[Round "6"]
[White "Ariadna_Atreides"]
[Black "ajdemipopushi"]
[Result "0-1"]
[WhiteElo "2108"]
[BlackElo "2403"]
[TimeControl "180+1"]
[EndTime "11:09:36 PST"]
[Termination "ajdemipopushi won on time"]

1. d4 Nf6 2. Nf3 c5 3. e3 g6 4. Bd3 b6 5. O-O Bb7 6. b3 Bg7 7. Bb2 O-O 8. c4 cxd4 9. exd4 d5 10. Nbd2 Nc6 11. Ne5 dxc4 12. Nxc6 Bxc6 13. bxc4 Rc8 14. d5 Ba8 15. Nf3 Re8 16. Re1 b5 17. cxb5 Qxd5 18. Qe2 Red8 19. Bc2 e6 20. Bb3 Qb7 21. a4 a6 22. Bxe6 fxe6 23. Qxe6+ Qf7 24. Qxa6 Bxf3 25. gxf3 Rc2 26. Be5 Nh5 27. Qb6 Rf8 28. Bxg7 Kxg7 29. Qd4+ Kh6 30. Qe3+ Nf4 31. b6 Qf6 32. Kh1 Rb2 0-1

[Event "*** Titled Tuesday Blitz"]
[Site "Chess.com"]
[Date "2020.11.10"]
[Round "6"]
[White "guillembaches"]
[Black "eljanov"]
[Result "0-1"]
[WhiteElo "2383"]
[BlackElo "2789"]
[TimeControl "180+1"]
[EndTime "11:09:37 PST"]
[Termination "eljanov won on time"]

1. e4 c6 2. d4 d5 3. exd5 cxd5 4. Bd3 Nf6 5. c3 Bg4 6. Qb3 Qc7 7. h3 Bd7 8. Nf3 e6 9. Na3 a6 10. O-O Bd6 11. c4 Nc6 12. cxd5 Nxd5 13. Nc4 O-O 14. Nxd6 Qxd6 15. Rd1 Ncb4 16. Be4 Nf6 17. Bb1 Rac8 18.
Bd2 Nbd5 19. Ne5 Rc7 20. Qd3 Rfc8 21. Nxd7 Qxd7 22. a3 Qa4 23. Bg5 h6 24. Bh4 Rc1 25. Ba2 Nf4 26. Qd2 Qxd1+ 27. Qxd1 Rxd1+ 28. Rxd1 Rc2 29. Bb1 Rxb2 30. Rc1 g5 31. Bg3 Ne2+ 32. Kf1 Nxc1 0-1